 Dungeon Crawl Stone Soup version 0.30-a0-996-ga6910c8ee8 (webtiles) character file.

Game seed: 1653818129059231268

65 jasper the Magician (level 3, -8/19 HPs)
             Began as a Deep Elf Hedge Wizard on Apr 4, 2023.
             Killed from afar by Natasha (12 damage)
             ... with a puff of flame
             ... on level 2 of the Dungeon.
             The game lasted 00:02:44 (1781 turns).

jasper the Magician (Deep Elf Hedge Wizard)         Turns: 1781, Time: 00:02:45

Health: -8/19      AC:  2    Str:  7    XL:     3   Next: 92%
Magic:  12/13      EV: 12    Int: 20    God:
Gold:   54         SH:  0    Dex: 14    Spells: 4/15 levels left

rFire   . . .      SeeInvis .    l - +0 quarterstaff
rCold   . . .      Faith    .    (shield currently unavailable)
rNeg    . . .      Spirit   .    b - +0 robe
rPois   .          Reflect  .    c - +0 hat
rElec   .          Rampage  .    (no cloak)
rCorr   .                        (no gloves)
Will    .....                    (no boots)
Stlth   ++                       (no amulet)
HPRegen 0.23/turn                (no ring)
MPRegen 0.13/turn                (no ring)

@: no status effects
A: no striking features
a: no special abilities


You were on level 2 of the Dungeon.
You visited 1 branch of the dungeon, and saw 3 of its levels.

You collected 54 gold pieces.

Inventory:

Hand Weapons
 a - a +0 dagger
 i - a +0 short sword
 l - a +0 quarterstaff (weapon)
Armour
 b - a +0 robe (worn)
 c - a +0 hat (worn)
Scrolls
 e - 2 scrolls of amnesia {unknown}
 f - 3 scrolls of identify {unknown}
 h - a scroll of teleportation {unknown}
 k - a scroll of poison {unknown}
Potions
 d - a potion of magic
 g - a potion of mutation {unknown}
 j - 2 potions of curing {unknown}
 m - a potion of might {unknown}


   Skills:
 - Level 2.4 Dodging
 - Level 2.4 Stealth
 * Level 6.7 Spellcasting
 - Level 1.1 Conjurations
 - Level 1.1 Summonings
 - Level 1.1 Translocations


You had 4 spell levels left.
You knew the following spells:

 Your Spells              Type           Power      Damage    Failure   Level
a - Magic Dart            Conj           44%        1d5       6%          1
b - Blink                 Tloc           22%        N/A       10%         2
c - Call Imp              Summ           11%        N/A       10%         2
d - Slow                  Hex            24%        N/A       10%         1
e - Cigotuvi's Dreadful   Necr/Pois/Air  12%        N/A       14%         2
f - Mephitic Cloud        Conj/Pois/Air  8%         N/A       26%         3

Your spell library contained the following spells:

 Spells                   Type           Power      Damage    Failure   Level


Dungeon Overview and Level Annotations

Branches:
Dungeon (3/15)

Altars:

Annotations:
D:2 Natasha


Message History

A sourceless malevolence fills the Dungeon...
You fall into a shaft and drop 1 floor!
The shaft crumbles and collapses.
Found a stone staircase leading down.
MP restored: 13
m - a bubbling brown potion
Found an escape hatch in the ceiling.
j - 2 yellow potions (gained 1)
A gnoll comes into view. It is wielding a +0 halberd.
There is an escape hatch in the ceiling here.
A mysterious force pulls you upwards. The hatch slams shut behind you.
Natasha hisses angrily.
Natasha is nearby!
Aiming: Magic Dart (safe; 6% risk of failure)
Press: ? - help, Q - select action, (/) - cycle Shift-Dir - straight line, f - Natasha
Aim: Natasha, carrying a wand of flame (25) (100% to hit)
The magic dart hits Natasha.
Natasha is moderately wounded.
You now have 12/13 mp.
Aiming: Magic Dart (safe; 6% risk of failure)
Press: ? - help, Q - select action, (/) - cycle Shift-Dir - straight line, f - you That beam is likely to hit you.
Continue anyway?
Okay, then.
Natasha casts a spell at you. The magic dart hits you!
You take 8 damage, and have 11/19 hp.
MASSIVE DAMAGE!!
Natasha barely misses you.
You closely miss Natasha.
Natasha is moderately wounded.
Natasha completely misses you.
You barely miss Natasha.
Natasha is moderately wounded.
Natasha completely misses you.
You closely miss Natasha.
Natasha is moderately wounded.
Natasha zaps a wand.
The puff of flame hits you!
* * * LOW HITPOINT WARNING * * *
Natasha zaps a wand.
The puff of flame hits you!
Ouch! That really hurt!
You die...

#..........#......#
##........####..#.# ##.....<##
##....# ######### #..#..#
##...#...## #.###.#
##.........###.###.##### #
#...........##.##......# #
#...........##.#..####.# ###
#............@........... ...
##..........##h#########..####
##...#...#....###### #..>##
#########.........# #..#
##.......## #.. ########
######..###### #########
.......###.......########......##
.......##.............##........#
.......###.########..†#....).....


You could see Natasha.

Vanquished Creatures
  Natasha (D:2)
  A dart slug (D:1)
  A bat (D:1)
  3 endoplasms
  2 giant cockroaches
  3 goblins
  4 hobgoblins
  6 jackals
  3 kobolds
  A quokka (D:1)
  3 ball pythons (D:1)
  A frilled lizard (D:1)
  4 rats
33 creatures vanquished.

Notes
Turn   | Place    | Note
-------+----------+-------------------------------------------
     0 | D:1      | jasper the Deep Elf Hedge Wizard began the quest for the
                  | Orb.
     0 | D:1      | Reached XP level 1. HP: 10/10 MP: 7/7
   261 | D:1      | Reached skill level 5 in Spellcasting
   343 | D:1      | Reached XP level 2. HP: 15/15 MP: 3/10
  1110 | D:1      | Reached XP level 3. HP: 19/19 MP: 7/12
  1113 | D:1      | Learned a level 2 spell: Blink
  1116 | D:1      | Learned a level 2 spell: Call Imp
  1118 | D:1      | Learned a level 1 spell: Slow
  1121 | D:1      | Learned a level 2 spell: Cigotuvi's Dreadful Rot
  1125 | D:1      | Learned a level 3 spell: Mephitic Cloud
  1319 | D:2      | Reached skill level 6 in Spellcasting
  1471 | D:2      | Found a faded altar of an unknown god.
  1678 | D:2      | Noticed Natasha
  1683 | D:2      | Killed Natasha
  1744 | D:2      | You fall into a shaft and drop 1 floor!
  1775 | D:2      | Noticed Natasha
  1781 | D:2      | Killed from afar by Natasha

Illustrated notes

Levels and vault maps discovered:
D:1:      matt_arrival_refuge, layout_basic, serial_curves, eino_curves_01,
          eino_curves_02, eino_curves_03, eino_curves_02, corexii_corridor_pit,
          st_stairs_12, minmay_hedge_maze, kennysheep_another_room
D:2:      layout_rooms, chequers_ecumenical_altar_simple,
          nicolae_figureground_pulse, uniq_natasha
D:3:      layout_basic, mainiacjoe_overflow_24_doors,
          mainiacjoe_overflow_six_doors_small, serial_shops, shop, serial_glass,
          glass_columns_a, glass_columns_a, glass_columns_b, glass_columns_b,
          glass_columns_b

Skill      XL: |  1  2  3 |
---------------+----------+-----
Spellcasting   | 5 6 |  6.7
Dodging        | |  2.4
Stealth        | |  2.4
Conjurations   | |  1.1
Summonings     | |  1.1
Translocations | |  1.1

Action                     || total
---------------------------++-------
  Melee: Dagger            ||    18
         Quarterstaff      ||     5
   Cast: Magic Dart        ||    86
 Armour: Robe              ||     5
  Dodge: Dodged            ||    19

Table legend: (Time is in decaauts)
 A = Elapsed time spent in this place.
 B = Non-inter-level travel time spent in this place.
 C = Inter-level travel time spent in this place.
 D = Time resting spent in this place.
 E = Time spent auto-exploring this place.
 F = Levels seen in this place.
 G = Mean time per level.
                   A        B        C        D        E       F      G
               +--------+--------+--------+--------+--------+-----+--------+
         Total |   1782 |   1669 |    113 |     50 |   1403 |   3 |  594.0 |
       Dungeon |   1782 |   1669 |    113 |     50 |   1403 |   3 |  594.0 |
               +--------+--------+--------+--------+--------+-----+--------+

Top non-repeatable levels by time:
     D:1: 1309 daAuts
     D:2: 442 daAuts
     D:3: 30 daAuts
